 Dungeon Crawl Stone Soup version 0.31-a0-819-gf6de2f5ab6 (webtiles) character file.

Game seed: 6943212573445510210

91 qw the Shooter (level 4, -2/28 HPs)
             Began as a Gargoyle Hunter on Sept 23, 2023.
             Slain by a goblin
             ... wielding a +0 club
             ... led by Robin
              (6 damage)
             ... on level 3 of the Dungeon.
             The game lasted 00:00:44 (2140 turns).

qw the Shooter (Gargoyle Hunter)                    Turns: 2140, Time: 00:00:44

Health: -2/28      AC:  8    Str: 13 (14) XL:     4   Next: 57%
Magic:  4/4        EV: 10    Int:  9 (10) God:
Gold:   79         SH:  0    Dex: 14 (15) Spells: 3/3 levels left

rFire   . . .        Y - +0 shortbow
rCold   . . .        (shield currently unavailable)
rNeg    + . .        d - +0 ring mail
rPois   inf          (no helmet)
rElec   +            (no cloak)
rCorr   .            (no gloves)
SInv    .            (no boots)
Will    .....        (no amulet)
Stlth   +            (no ring)
HPRegen 0.24/turn    (no ring)
MPRegen 0.09/turn

%: no passive effects
@: no status effects
A: sickness immunity, AC +3, negative energy resistance 1, electricity
resistance, torment resistance 1, petrification resistance
a: no special abilities


You were on level 3 of the Dungeon.
You visited 1 branch of the dungeon, and saw 3 of its levels.

You collected 103 gold pieces.
You spent 24 gold pieces at shops.


Innate Abilities, Weirdness & Mutations

You are immune to sickness and miasma.
Your stone body is resilient. (AC +3)
You are immune to poison.
You resist negative energy. (rN+)
You are resistant to electric shocks. (rElec)
You are resistant to unholy torment.
You are immune to petrification.


   Skills:
 - Level 3.0 Fighting
 + Level 5.3 Ranged Weapons
 - Level 1.4 Armour
 - Level 1.5 Dodging
 - Level 1.1 Stealth


You had 3 spell levels left.
You didn't know any spells.
Your spell library was empty.

Inventory:

Hand Weapons
 Y - a +0 shortbow (weapon)
Armour
 d - a +0 ring mail (worn)
Potions
 a - a potion of ambrosia {unknown}
 b - a potion of cancellation {unknown}
 c - a potion of haste {unknown}
 g - a potion of heal wounds {unknown}
 h - a potion of attraction {unknown}

Dungeon Overview and Level Annotations

Branches:
Dungeon (3/15)

Altars:

Shops:
D:1 *

Annotations:
D:3 Jessica, Robin


Message History

Robin closely misses you.
You shoot an arrow. The arrow hits the goblin.
You kill the goblin!
The goblin hits you with a +0 club. Robin barely misses you.
The goblin hits you with a +0 club. Robin hits you but does no damage.
Jessica mumbles some strange words.
Jessica blinks!
The goblin hits you but does no damage. The goblin hits you with a +0 club.
You shoot an arrow. The arrow hits the goblin.
The goblin is heavily wounded.
The goblin hits you with a +0 club. The goblin hits you but does no damage.
Robin barely misses you.
You shoot an arrow. The arrow hits the goblin.
The goblin is severely wounded.
The hobgoblin no longer looks unusually strong.
The goblin no longer looks unusually strong.
The goblin hits you but does no damage.
Robin roars a battlecry!
The goblins go into a battle-frenzy!
The goblin barely misses you.
You shoot an arrow. The arrow barely misses the goblin.
The goblin no longer looks unusually strong.
The goblin barely misses you. The goblin hits you but does no damage.
Robin hits you but does no damage.
You shoot an arrow. The arrow closely misses the goblin.
Robin roars a battlecry!
The goblin goes into a battle-frenzy!
The goblin hits you but does no damage. The goblin barely misses you.
Robin completely misses you. The goblin closely misses you. x2
You shoot an arrow. The arrow hits the goblin!
You kill the goblin!
Robin hits you but does no damage. The goblin closely misses you.
You shoot an arrow. The arrow hits the goblin.
The goblin is severely wounded.
A bat comes into view.
Robin hits you from afar with a +0 trident.
The goblin barely misses you.
The bat moves out of view.
You shoot an arrow. The arrow misses the goblin.
Robin hits you but does no damage. The goblin hits you with a +0 club.
You die...

.# +..). #########.#
#... #.........# #...
#.........+ #@.
#.........#.#lg
#.........#.#g#
#.........#...####
###.......<.###@)..#
#...........#.g)##.#
#.#.........###%##.#
#.#.........#......#
#.##..)....##.#..###
##....................
............##.........
......:...(.##..........
............##..........


You could see Robin, Jessica, a hobgoblin (strong), a goblin (strong) and a
frilled lizard.

Vanquished Creatures
  3 adders (D:2)
  2 dart slugs (D:2)
  7 bats
  5 endoplasms
  3 giant cockroaches (D:2)
  3 hobgoblins
  3 quokkas
  4 ball pythons
  6 frilled lizards
  14 goblins
  3 kobolds (D:1)
  6 rats
59 creatures vanquished.

Notes
Turn   | Place    | Note
-------+----------+-------------------------------------------
     0 | D:1      | qw the Gargoyle Hunter began the quest for the Orb.
     0 | D:1      | Reached XP level 1. HP: 12/12 MP: 1/1
     0 | D:1      | 0 ||| qw: Version: 0.3-a-83-gcd0e7d8
     0 | D:1      | 0 ||| qw: Game counter: 1693
     0 | D:1      | 0 ||| qw: Melee chars always use a shield: true
     0 | D:1      | 0 ||| qw: God list: Okawaru
     0 | D:1      | 0 ||| qw: Allow faded altars: false
     0 | D:1      | 0 ||| qw: Do Orc after clearing Dungeon:15 true
     0 | D:1      | 0 ||| qw: Do second Lair branch before Depths: true
     0 | D:1      | 0 ||| qw: Lair rune preference: random
     0 | D:1      | 0 ||| qw: Goals: Normal
     0 | D:1      | 0 ||| PLANNING D:1-11
   180 | D:1      | HP: 3/12 [kobold/+0 whip (5)]
   296 | D:1      | Reached XP level 2. HP: 17/17 MP: 2/2
   841 | D:1      | Found Isilue's Assorted Antiques.
   845 | D:1      | 845 ||| BUYING fuming dark potion (24 gold).
   845 | D:1      | Bought a fuming dark potion for 24 gold pieces
   845 | D:1      | 845 ||| SHOPLISTING ruby potion (24 gold, have 4).
   845 | D:1      | 845 ||| SHOPLISTING runed leather armour (135 gold, have
                  | 4).
  1063 | D:1      | Reached XP level 3. HP: 21/21 MP: 3/3
  1134 | D:1      | Reached skill level 5 in Ranged Weapons
  1140 | D:1      | 1140 ||| UPGRADING to +0 ring mail.
  1150 | D:1      | 1150 ||| DROPPING +0 leather armour.
  1151 | D:1      | 1151 ||| DROPPING ring of wizardry.
  1152 | D:1      | 1152 ||| READING scroll labelled DUS DYNOKUYN.
  1153 | D:1      | 1153 ||| READING scroll labelled SEYJOR LUTISY.
  1154 | D:1      | 1154 ||| DROPPING scroll of butterflies.
  1279 | D:2      | Reached skill level 1 in Armour
  1537 | D:2      | Reached XP level 4. HP: 25/27 MP: 4/4
  1739 | D:2      | Reached skill level 3 in Fighting
  2025 | D:2      | 2025 ||| READING scroll labelled XAIKUELUME.
  2026 | D:2      | 2026 ||| READING scroll labelled JAELLUMIMO.
  2027 | D:2      | 2027 ||| DRINKING 2 puce potions.
  2028 | D:2      | 2028 ||| DROPPING potion of degeneration.
  2120 | D:3      | Identified the +0 helmet of Mysticism {Harm Will+ Str-3}
  2120 | D:3      | Noticed Robin
  2124 | D:3      | Noticed Jessica
  2134 | D:3      | HP: 5/28 [goblin/+0 club[Robin] (3)]
  2139 | D:3      | HP: 3/28 [Robin/+0 trident (3)]
  2140 | D:3      | Slain by a goblin

Levels and vault maps discovered:
D:1:      dpeg_arrival_line_fractal, layout_basic, serial_shops,
          nicolae_shop_back_alley_shop
D:2:      layout_loops_cross, serial_forest, infiniplex_forest_diagonal,
          infiniplex_forest_clump_small, infiniplex_forest_clump_tiny,
          infiniplex_forest_clump_diagonal, infiniplex_forest_clump_curved,
          infiniplex_forest_end_2
D:3:      layout_basic, shapermc_ecumenical_altar_pompeii, uniq_jessica,
          uniq_robin, uniq_natasha

Skill      XL: |  1  2  3  4 |
---------------+-------------+-----
Ranged Weapons | 5 |  5.3
Armour         | 1 |  1.4
Fighting       | 3 |  3.0
Dodging        | |  1.5
Stealth        | |  1.1

Action                     |  1- 3 |  4- 6 || total
---------------------------+-------+-------++-------
   Fire: Shortbow          |   131 |    57 ||   188
    Use: Scroll            |     2 |     2 ||     4
         Potion            |       |     1 ||     1
 Armour: Leather armour    |    11 |       ||    11
         Ring mail         |    33 |    38 ||    71
  Dodge: Dodged            |    36 |    28 ||    64

Table legend:
 A = Non-vault XP
 B = Vault XP
 C = Vault XP percentage of total XP
 D = Non-vault monster count
 E = Vault monster count
 F = Vault count percentage of total count
                 A         B        C        D         E       F
            +---------+---------+-------+---------+---------+-------
      Total |     112 |      18 |  13.8 |      49 |      10 |  16.9
            +---------+---------+-------+---------+---------+-------
        D:1 |      39 |       0 |   0.0 |      27 |       0 |   0.0
        D:2 |      69 |       0 |   0.0 |      19 |       0 |   0.0
        D:3 |       4 |      18 |  81.8 |       3 |      10 |  76.9
            +---------+---------+-------+---------+---------+-------
